 Dungeon Crawl Stone Soup version 0.26-a0-652-gafc20e3620 (webtiles) character file.

Game seed: 1504146560000690655

191 cirnu the Slasher (level 5, -4/37 HPs)
             Began as a Demonspawn Chaos Knight on Oct 2, 2020.
             Was a Plaything of Xom.
             Killed by the air
             ... invoked by a wind drake (shapeshifter)
             ... led by Robin
              (11 damage)
             ... on level 3 of the Dungeon.
             The game lasted 00:08:48 (3428 turns).

cirnu the Slasher (Demonspawn Chaos Knight)         Turns: 3428, Time: 00:08:48

Health: -4/37      AC:  5    Str: 12      XL:     5   Next: 42%
Magic:  0/5        EV: 12    Int: 10 (11) God:    Xom [*.....]
Gold:   133        SH:  0    Dex: 12      Spells: 4/4 levels left

rFire    . . .     SeeInvis .   a - +0 falchion (chaos)
rCold    . . .     Faith    .   (no shield)
rNeg     . . .     Spirit   +   b - +2 leather armour
rPois    .         Reflect  .   (no helmet)
rElec    .         Harm     .   (no cloak)
rCorr    .         Rampage  .   (no gloves)
MR       .....                  (no boots)
Stlth    +.........             k - amulet of magic regeneration
HPRegen  0.12/turn              (no ring)
MPRegen  0.34/turn              (no ring)

@: no status effects
A: hooves 1, slimy green scales 1, deformed body, demonic guardian 1, dopey 1,
frail 1, weak 1, magic shield
a: Renounce Religion


You were on level 3 of the Dungeon.
You worshipped Xom.
You were a special plaything of Xom.
You visited 1 branch of the dungeon, and saw 3 of its levels.

You collected 133 gold pieces.

Inventory:

Hand Weapons
 a - a +0 falchion of chaos (weapon)
Armour
 b - a +2 leather armour (worn)
 g - a +2 robe of the Archmagi
 l - a +0 pair of gloves
Jewellery
 k - an amulet of magic regeneration (around neck)
Scrolls
 d - 5 scrolls of identify
 e - a scroll of magic mapping {unknown}
 f - 3 scrolls of remove curse
 h - 2 scrolls of fog {unknown}
 i - a scroll of teleportation
 j - 2 scrolls of enchant weapon {unknown}
Potions
 m - a potion of flight {unknown}


   Skills:
 + Level 3.8 Fighting
 + Level 4.0 Long Blades
 + Level 2.6 Armour
 + Level 1.9 Dodging
 + Level 1.5 Stealth


You had 4 spell levels left.
You didn't know any spells.
Your spell library was empty.

Dungeon Overview and Level Annotations

Branches:
Dungeon (3/15)

Altars:
Sif Muna

Annotations:
D:3 Natasha, Robin


Innate Abilities, Weirdness & Mutations

You are partially covered in slimy green scales. (AC +2)
A weak demonic guardian rushes to your aid.
When hurt, damage is shared between your health and your magic reserves.
You have large cloven feet.
Armour fits poorly on your strangely shaped body.
You are dopey. (Int -2)
You are frail. (-10% HP)
You are weak. (Str -2)


Message History

The hobgoblin is heavily wounded.
The gnoll hits you from afar with a +0 spear.
The hobgoblin closely misses you.
You riposte.
You hit the hobgoblin. You freeze the hobgoblin.
Your kick misses the hobgoblin.
The hobgoblin is almost dead.
You hit the hobgoblin.
You kill the hobgoblin!
The gnoll closely misses you. The goblin hits you.
You hit the goblin.
You kill the goblin!
The wind drake flaps its wings at you. The air twists around and strikes you!
* * * LOW HITPOINT WARNING * * *
The gnoll barely misses you.
Robin hits you from afar with a +0 spear.
* * * LOW HITPOINT WARNING * * *
The wind drake flaps its wings at you. The air twists around and strikes you!
You die...
Xom guffaws!

..............#####...######5#..#
.....##..#.##.# #...# ###...
##.####..#.##.# #...# ##.#
##.####....##.# #...# #.#
#..........##.# #...# #.#
##..#####..##.# #...#########..
###.# #.....#####..........####
....# #......55###########.#
###.# #.#.####@# ######.###
#.#####.#.####†######....)...#
#.......#.##.gkg......####.#.#
########§§##.#g##...### #.#.#
##.#§§.§.g#..#..#####.#.#
#.###§.§.##.###.......#.#
##.#§#§..##..#..#######.#
##§######.......# ##.# #g#
#.......# #..#


You could see a wind drake, Robin, 3 gnolls, a friendly white imp (summoned) and
a friendly shadow imp (summoned).

Vanquished Creatures
  Jessica (D:3)
  6 adders (D:2)
  3 gnolls (D:3)
  An ooze (D:1)
  A worm (D:3)
  3 leopard geckos
  4 orcs (D:3)
  7 bats
  A giant cockroach (D:2)
  8 goblins
  9 hobgoblins
  3 jackals (D:3)
  8 kobolds
  A quokka (D:2)
  A ball python (D:2)
  3 frilled lizards
  A leopard gecko skeleton (D:2)
  5 rats
66 creatures vanquished.

Vanquished Creatures (collateral kills)
  A gnoll (D:3)
  3 goblins (D:3)
  A bat (D:3)
5 creatures vanquished.

Grand Total: 71 creatures vanquished

Notes
Turn   | Place    | Note
-------+----------+-------------------------------------------
     0 | D:1      | cirnu the Demonspawn Chaos Knight began the quest for the
                  | Orb.
     0 | D:1      | Reached XP level 1. HP: 18/18 MP: 1/1
     1 | D:1      | XOM: divination: magic mapping
    25 | D:1      | XOM: silly message
    33 | D:1      | XOM: silly message
    75 | D:1      | Reached skill level 3 in Long Blades
    79 | D:1      | Gained mutation: A weak demonic guardian rushes to your
                  | aid. [demonic ancestry]
    79 | D:1      | Reached XP level 2. HP: 19/24 MP: 2/2
   183 | D:1      | XOM: noise
   231 | D:1      | Reached skill level 1 in Dodging
   375 | D:1      | XOM: 5-stop teleportation journey
   613 | D:1      | Gained mutation: When hurt, damage is shared between your
                  | health and your magic reserves. [demonic ancestry]
   613 | D:1      | Reached XP level 3. HP: 29/29 MP: 3/3
   782 | D:2      | XOM: silly message
   791 | D:2      | XOM: potion effect (magic)
  1074 | D:2      | XOM: silly message
  1280 | D:2      | XOM: divination: detect items
  1335 | D:2      | Found a shimmering blue altar of Sif Muna.
  1385 | D:2      | XOM: 1-stop teleportation journey
  1466 | D:2      | Reached XP level 4. HP: 30/35 MP: 4/4
  1921 | D:2      | XOM: silly message
  1925 | D:2      | Reached skill level 1 in Stealth
  2135 | D:2      | XOM: silly message
  2297 | D:2      | XOM: give mutations
  2297 | D:2      | Gained mutation: You have large cloven feet. [Xom's
                  | mischief]
  2297 | D:2      | Gained mutation: Armour fits poorly on your strangely
                  | shaped body. [Xom's mischief]
  2377 | D:3      | XOM: 1-stop teleportation journey
  2385 | D:3      | Gained mutation: You are partially covered in slimy green
                  | scales. (AC +2) [demonic ancestry]
  2385 | D:3      | Reached XP level 5. HP: 35/42 MP: 2/5
  2564 | D:3      | Noticed Robin
  2568 | D:3      | Noticed a shapeshifter
  2568 | D:3      | a hobgoblin changed into a shapeshifter
  2568 | D:3      | Noticed a queen bee
  2568 | D:3      | a shapeshifter changed into a queen bee
  2571 | D:3      | XOM: 1-stop teleportation journey
  2572 | D:3      | Noticed Natasha
  2924 | D:3      | XOM: 2-stop teleportation journey
  3062 | D:3      | XOM: 1-stop teleportation journey
  3062 | D:3      | Noticed a cane toad
  3064 | D:3      | XOM: stat loss: -1 Int (12/13)
  3236 | D:3      | Noticed Jessica
  3243 | D:3      | Killed Jessica
  3243 | D:3      | Reached skill level 4 in Long Blades
  3383 | D:3      | XOM: give mutations
  3383 | D:3      | Gained mutation: You are frail. (-10% HP) [Xom's mischief]
  3383 | D:3      | Gained mutation: You are weak. (Str -2) [Xom's mischief]
  3383 | D:3      | Gained mutation: You are dopey. (Int -2) [Xom's mischief]
  3400 | D:3      | Noticed an eye of draining
  3406 | D:3      | Noticed an orb spider
  3406 | D:3      | an eye of draining changed into an orb spider
  3409 | D:3      | XOM: fog
  3423 | D:3      | Noticed a wind drake
  3428 | D:3      | Killed from afar by a wind drake (shapeshifter)

Illustrated notes

Levels and vault maps discovered:
D:1:      dpeg_arrival_chambers_temple_mockup, layout_rooms
D:2:      layout_basic, nicolae_overflow_crystal_walls,
          wander_ebering_terrifying_dragon_lair
D:3:      layout_loops_cross, uniq_jessica, uniq_natasha, uniq_robin

Skill      XL: |  1  2  3  4  5 |
---------------+----------------+-----
Long Blades    | 3 4 |  4.0
Dodging        | 1 |  1.9
Armour         | 2 |  2.6
Stealth        | 1 |  1.5
Fighting       | |  3.8

Action                   |  1- 3 |  4- 6 || total
-------------------------+-------+-------++-------
Melee: Falchion          |    81 |   108 ||   189
       Kick              |       |    33 ||    33
  Use: Scroll            |     1 |     5 ||     6
       Potion            |       |     3 ||     3
 Stab: Petrified         |     5 |     2 ||     7
       Sleeping          |     2 |     1 ||     3
Armor: Leather armour    |    55 |    50 ||   105
Dodge: Dodged            |    81 |    85 ||   166
       Rpst.: Falchion   |    20 |    30 ||    50

Table legend: (Time is in decaauts)
 A = Elapsed time spent in this place.
 B = Non-inter-level travel time spent in this place.
 C = Inter-level travel time spent in this place.
 D = Time resting spent in this place.
 E = Time spent auto-exploring this place.
 F = Levels seen in this place.
 G = Mean time per level.
                   A        B        C        D        E       F      G
               +--------+--------+--------+--------+--------+-----+--------+
         Total |   3450 |   3368 |     82 |     12 |   2815 |   3 | 1150.0 |
       Dungeon |   3450 |   3368 |     82 |     12 |   2815 |   3 | 1150.0 |
               +--------+--------+--------+--------+--------+-----+--------+

Top non-repeatable levels by time:
     D:2: 1599 daAuts
     D:3: 1130 daAuts
     D:1: 720 daAuts
